 Dungeon Crawl Stone Soup version 0.30.0-19-g36f170ea60 (webtiles) character file.

Game seed: 18205014809821869863

209 PriceMaster the Magician (level 5, -1/33 HPs)
             Began as an Octopode Transmuter on May 26, 2023.
             Slain by Edmund
             ... wielding a +3 dire flail of protection
              (11 damage)
             ... on level 4 of the Dungeon.
             The game lasted 00:03:21 (2975 turns).

PriceMaster the Magician (Octopode Transmuter)      Turns: 2975, Time: 00:03:21

Health: -1/33      AC:  5    Str: 11    XL:     5   Next: 87%
Magic:  9/10       EV: 13    Int: 16    God:
Gold:   192        SH:  0    Dex: 12    Spells: 8/11 levels left

rFire   . . .        t - +1 spear "Wefed" {freeze, Will+}
rCold   . . .        (no shield)
rNeg    . . .        (helmet currently unavailable)
rPois   .            (no amulet)
rElec   .            b - +4 ring of protection
rCorr   .            v - ring of willpower
SInv    .            (no ring)
Will    ++...        (no ring)
Stlth   +++          (no ring)
HPRegen 0.25/turn    (no ring)
MPRegen 0.12/turn    (no ring)
                     (no ring)

%: no passive effects
@: appendages (expiring), wereblooded
A: tentacle spike 3, almost no armour, amphibious, 8 rings, camouflage 1,
gelatinous body 1, (nimble swimmer 1), tentacles
a: End Transformation


You were on level 4 of the Dungeon.
One of your tentacles had grown a beastly spike.
You visited 1 branch of the dungeon, and saw 4 of its levels.

You collected 192 gold pieces.

Inventory:

Hand Weapons
 f - a +0 war axe
 t - the +1 spear "Wefed" (weapon) {freeze, Will+}
   (You found it on level 3 of the Dungeon)

   Will:      It increases your willpower.
Missiles
 k - a throwing net
 u - 2 silver boomerangs
Jewellery
 b - a +4 ring of protection (left tentacle)
 v - a ring of willpower (right tentacle)
Scrolls
 c - 4 scrolls of identify {unknown}
 e - 2 scrolls of teleportation {unknown}
 g - a scroll of immolation {unknown}
 h - a scroll of fear {unknown}
 i - a scroll of brand weapon {unknown}
 m - 2 scrolls of enchant weapon {unknown}
 o - a scroll of fog {unknown}
 q - 2 scrolls of enchant armour {unknown}
Potions
 a - a potion of lignification
 d - a potion of might {unknown}
 j - a potion of heal wounds {unknown}
 n - a potion of haste {unknown}
 p - a potion of degeneration {unknown}
 r - a potion of magic {unknown}
 s - a potion of brilliance


   Skills:
 + Level 1.2 Fighting
 + Level 1.6 Axes
 + Level 0.1(1.0) Polearms
 + Level 2.4 Dodging
 + Level 1.4 Stealth
 + Level 3.4 Unarmed Combat
 + Level 3.5 Spellcasting
 + Level 3.4 Transmutations


You had 8 spell levels left.
You knew the following spells:

 Your Spells              Type           Power      Damage    Failure   Level
a - Beastly Appendage     Tmut           26%        N/A       4%          1
b - Wereblood             Tmut           13%        N/A       6%          2

Your spell library contained the following spells:

 Spells                   Type           Power      Damage    Failure   Level
 Spider Form              Tmut/Pois      8%         N/A       26%         3
 Ice Form                 Ice/Tmut       8%         N/A       65%         4


Dungeon Overview and Level Annotations

Branches:
Dungeon (4/15)
 Temple: D:4-7

Altars:

Annotations:
D:4 Edmund


Innate Abilities, Weirdness & Mutations

One of your tentacles has grown a beastly spike.
You cannot wear most types of armour.
You are amphibious.
You can wear up to eight rings at the same time.
Your skin changes colour to match your surroundings (Stealth+).
Your rubbery body absorbs attacks. (AC +1, EV +1)
((You are camouflaged when in or above water. (Stealth+)))
You have tentacles for arms and can constrict up to eight enemies at once.


Message History

You constrict Edmund, but do no damage.
Edmund hits you with a +3 dire flail of protection!
You hit Edmund but do no damage.
You pierce Edmund.
Edmund is lightly wounded.
You constrict Edmund. Edmund closely misses you.
You hit Edmund but do no damage.
You pierce Edmund, but do no damage.
You squeeze Edmund, but do no damage.
Edmund is moderately wounded.
You constrict Edmund. Edmund closely misses you.
It was a potion of curing.
You feel better.
You constrict Edmund. Edmund barely misses you.
You hit Edmund. You freeze Edmund.
You pierce Edmund.
Edmund is heavily wounded.
You constrict Edmund.
Edmund hits you with a +3 dire flail of protection.
You hit Edmund but do no damage.
Edmund is heavily wounded.
Your transformation is almost over.
You constrict Edmund, but do no damage.
Edmund hits you with a +3 dire flail of protection!
You hit Edmund but do no damage. You squeeze Edmund, but do no damage.
Edmund is heavily wounded.
You constrict Edmund, but do no damage. Edmund barely misses you.
You hit Edmund but do no damage.
You pierce Edmund, but do no damage.
You squeeze Edmund, but do no damage.
Edmund is heavily wounded.
You constrict Edmund. Edmund closely misses you.
You hit Edmund but do no damage. You squeeze Edmund.
Edmund is severely wounded.
You constrict Edmund, but do no damage.
Edmund hits you with a +3 dire flail of protection.
* * * LOW HITPOINT WARNING * * *
Edmund closely misses you.
You feel better.
You constrict Edmund.
Edmund hits you with a +3 dire flail of protection.
You hit Edmund but do no damage.
Edmund is severely wounded.
You constrict Edmund, but do no damage.
Edmund hits you with a +3 dire flail of protection!
You die...

#. #.###.# ..
#. #.# #.#
##.# .. #.#
#.# ##...###.#
## #.# #.#
#.....##.# #.#
#.# #.....##.#
#.###.#
#.....##.#
#.....>
#).@.##.#
#.###.. #@##.#
#.# ###
#.##.#######.#
#............#
####.#########
#.# #.# #<#
#.# #.#


You could see Edmund.

Vanquished Creatures
  2 jellies (D:4)
  An orc wizard (D:3)
  4 adders
  5 dart slugs
  A worm (D:3)
  4 orcs (D:3)
  2 bats
  7 endoplasms
  3 giant cockroaches
  9 goblins
  10 hobgoblins
  8 kobolds
  A quokka (D:1)
  5 ball pythons
  3 frilled lizards
  5 rats
70 creatures vanquished.

Notes
Turn   | Place    | Note
-------+----------+-------------------------------------------
     0 | D:1      | PriceMaster the Octopode Transmuter began the quest for the
                  | Orb.
     0 | D:1      | Reached XP level 1. HP: 13/13 MP: 3/3
   135 | D:1      | Reached XP level 2. HP: 11/18 MP: 3/5
   138 | D:1      | Learned a level 2 spell: Wereblood
   589 | D:1      | Reached XP level 3. HP: 23/23 MP: 2/6
   658 | D:1      | Found a faded altar of an unknown god.
  1265 | D:2      | Reached XP level 4. HP: 28/28 MP: 0/8
  1523 | D:2      | Reached skill level 1 in Axes
  1852 | D:3      | Reached XP level 5. HP: 29/33 MP: 5/9
  1978 | D:3      | Reached skill level 1 in Stealth
  2425 | D:3      | Identified the +1 spear "Wefed" {freeze, Will+}
  2958 | D:4      | Noticed Edmund
  2975 | D:4      | Slain by Edmund

Illustrated notes

Levels and vault maps discovered:
D:1:      nicolae_arrival_washed_ashore, layout_basic,
          ebering_ecumenical_altar_sacrificial, minmay_heptomino_l4
D:2:      layout_basic, wad_floor_pattern_untrapped
D:3:      layout_basic, supply_closet_lemuel
D:4:      layout_loops_ring, minmay_pentangle, uniq_edmund, uniq_eustachio

Skill      XL: |  1  2  3  4  5 |
---------------+----------------+-----
Axes           | 1 |  1.6
Transmutations | 3 |  3.4
Spellcasting   | 3 |  3.5
Stealth        | 1 |  1.4
Fighting       | |  1.2
Polearms       | |  0.1
Dodging        | |  2.4
Unarmed Combat | |  3.4

Action                     |  1- 3 |  4- 6 || total
---------------------------+-------+-------++-------
  Melee: Unarmed           |    45 |       ||    45
         Constrict         |    22 |    17 ||    39
         Kick              |    17 |    28 ||    45
         Tentacles         |    13 |    17 ||    30
         Punch             |     3 |       ||     3
         War axe           |    20 |    45 ||    65
         Spear             |       |    25 ||    25
   Cast: Beastly Appendage |    26 |    25 ||    51
         Wereblood         |    19 |    25 ||    44
    Use: Potion            |       |     3 ||     3
   Stab: Sleeping          |     5 |     5 ||    10
 Armour: Skin              |     4 |    12 ||    16
  Dodge: Dodged            |    30 |    34 ||    64
